 Dungeon Crawl Stone Soup version 0.28.0-45-g0d030f2227 (webtiles) character file.

Game seed: 5219390317016092836

181 protoss039 the Skirmisher (level 5, 0/47 HPs)
             Began as a Minotaur Fighter on Apr 6, 2022.
             Succumbed to an orc priest's poison
             ... on level 3 of the Dungeon.
             The game lasted 00:04:04 (1843 turns).

protoss039 the Skirmisher (Minotaur Fighter)        Turns: 1843, Time: 00:04:05

Health: 0/47       AC:  7    Str: 22    XL:     5   Next: 34%
Magic:  4/4        EV:  9    Int:  5    God:
Gold:   85         SH:  4    Dex: 10    Spells: 4/4 levels left

rFire   . . .      SeeInvis .   a - +0 war axe
rCold   . . .      Faith    .   c - +0 buckler
rNeg    . . .      Spirit   .   b - +0 scale mail
rPois   .          Reflect  .   (helmet restricted)
rElec   .          Harm     .   (no cloak)
rCorr   .          Rampage  .   (no gloves)
Will    .....                   (no boots)
Stlth   ..........              (no amulet)
HPRegen 0.15/turn               (no ring)
MPRegen 0.09/turn               (no ring)

@: lethally poisoned (0 -> -8), about to teleport
A: horns 2, retaliatory headbutt
a: no special abilities


You were on level 3 of the Dungeon.
You visited 1 branch of the dungeon, and saw 3 of its levels.

You collected 85 gold pieces.

Inventory:

Hand Weapons
 a - a +0 war axe (weapon)
 g - a +0 trident of venom
Armour
 b - a +0 scale mail (worn)
 c - a +0 buckler (worn)
Scrolls
 f - a scroll of enchant weapon {unknown}


   Skills:
 + Level 4.8 Fighting
 + Level 4.0 Axes
 + Level 4.8 Armour
 + Level 4.8 Shields


You had 4 spell levels left.
You didn't know any spells.
Your spell library was empty.

Dungeon Overview and Level Annotations

Branches:
Dungeon (3/15)

Altars:
Zin

Portals:
Abyss: D:3

Annotations:
D:3 grandchungus's ghost, weakling MiBe


Innate Abilities, Weirdness & Mutations

You have a pair of horns on your head.
You reflexively headbutt those who attack you in melee.


Message History

You start resting.
You flicker for a moment.
You start resting.
You flicker back into view. 2 orc priests come into view.
An orc priest is wielding a +1 dagger of venom.
The orc priest shouts!
You hear a shout! x2
An orc comes into view. It is wielding a +0 dagger.
Unknown command.
Unknown command.
Unknown command.
Unknown command.
Unknown command.
Unknown command.
The orc priest calls down the wrath of Beogh upon you.
Pain shoots through your body!
* * * LOW HITPOINT WARNING * * *
Press: ? - help, . - travel You can't see that place. [the floor.]
You hit the orc priest.
The orc priest is moderately wounded.
The orc priest hits you with a +1 dagger of venom.
* * * LOW HITPOINT WARNING * * *
You are lethally poisoned!
Unknown command.
Unknown command.
Unknown command.
You aren't carrying any potions.
Press: ? - help, v - describe, . - travel
Here: an orc, wielding a +0 dagger The floor.
As you read the scroll labelled RIXO DEW DEVVY, it crumbles to dust.
You feel strangely unstable.
It was a scroll of teleportation.
* * * LOW HITPOINT WARNING * * *
You feel very sick.
The orc priest looks encouraged for a moment.
Unknown command.
Unknown command.
You die...

###.###..##.# ## #.#
#..##.#### #.
####.###..##.#... #.
#......#..##.##.# #.
#....#.#..##.##.########.
######o#..##.##.##.......
#o#...#.##.##.......
#o#####.##..........
.#.#.#..@..#....##.......
......................>..
.....#.###.##...##.......
.#####.# #.##...##.......
#.# #.##...######### #.#
#............... #.#
#####.......###. #.
....#.......# #. ..
............###.


You could see an orc priest.

Vanquished Creatures
  A scorpion (D:3)
  A centaur skeleton (D:3)
  Jessica (D:2)
  2 adders (D:2)
  A worm (D:2)
  5 dart slugs (D:1)
  4 ball pythons
  3 endoplasms (D:1)
  3 goblins (D:1)
  A hobgoblin (D:1)
  2 jackals (D:1)
  2 kobolds
  2 quokkas
  5 bats
  2 frilled lizards
  A rat (D:1)
36 creatures vanquished.

Notes
Turn   | Place    | Note
-------+----------+-------------------------------------------
     0 | D:1      | protoss039 the Minotaur Fighter began the quest for the
                  | Orb.
     0 | D:1      | Reached XP level 1. HP: 19/19 MP: 0/0
    24 | D:1      | Found a faded altar of an unknown god.
   145 | D:1      | Reached XP level 2. HP: 20/27 MP: 1/1
   670 | D:1      | Reached XP level 3. HP: 33/33 MP: 2/2
  1004 | D:2      | Noticed Jessica
  1011 | D:2      | Killed Jessica
  1012 | D:2      | Reached XP level 4. HP: 12/41 MP: 3/3
  1018 | D:2      | HP: 2/41 [poisoned by Jessica]
  1639 | D:2      | Found a glowing silver altar of Zin.
  1719 | D:3      | Found a one-way gate to the infinite horrors of the Abyss.
  1719 | D:3      | Noticed grandchungus's ghost (weakling MiBe)
  1720 | D:3      | Noticed a small abomination
  1765 | D:3      | Noticed a scorpion
  1773 | D:3      | Killed a scorpion
  1774 | D:3      | Reached XP level 5. HP: 12/47 MP: 4/4
  1842 | D:3      | HP: 2/47 [poisoned by an orc priest]
  1843 | D:3      | Succumbed to an orc priest's poison

Illustrated notes

Levels and vault maps discovered:
D:1:      sevenhm_arrival_forest_fort_small_4, layout_rooms,
          ebering_ecumenical_altar_mist, minmay_misc_feat_iff,
          minmay_tetromino_l2
D:2:      layout_rooms, basic_altar, uniq_jessica
D:3:      layout_basic, gammafunk_ghost_abyssal_escape, mrwooster_statue_mirror,
          serial_park_tiny_2

Skill      XL: |  1  2  3  4 |
---------------+-------------+-----
Armour         | 4 |  4.8
Fighting       | 4 |  4.8
Shields        | 4 |  4.8
Axes           | 3 4 |  4.0

Action                   |  1- 3 |  4- 6 || total
-------------------------+-------+-------++-------
Melee: War axe           |    64 |    28 ||    92
       Headbutt          |     7 |     2 ||     9
  Use: Potion            |     1 |     1 ||     2
       Scroll            |       |     1 ||     1
Armor: Scale mail        |    36 |    19 ||    55
Dodge: Dodged            |    26 |    18 ||    44
Block: Buckler           |    15 |     4 ||    19
